 Dungeon Crawl Stone Soup version 0.30.0-16-gbe6223bb7e (webtiles) character file.

Game seed: 8294029177647197491

6286 croobank the Fighter (level 10, -15/85 HPs)
             Began as a Demonspawn Fire Elementalist on May 20, 2023.
             Demolished by a komodo dragon (16 damage)
             ... on level 9 of the Dungeon.
             The game lasted 00:34:53 (11149 turns).

croobank the Fighter (DsFE)                        Turns: 11149, Time: 00:34:54

Health: -15/85     AC:  9    Str:  9    XL:     10   Next: 63%
Magic:  10/27      EV: 13    Int: 26    God:
Gold:   350        SH:  5    Dex: 14    Spells: 10/20 levels left

rFire   . . .        n - +1 short sword (venom)
rCold   + . .        (no shield)
rNeg    . . .        w - +3 ring mail {rC+}
rPois   .            i - +0 hat
rElec   .            (no cloak)
rCorr   .            j - +0 pair of gloves
SInv    .            (boots unavailable)
Will    .....        B - amulet of reflection
Stlth   +++          c - +6 ring of intelligence
HPRegen 0.34/turn    G - ring of magical power
MPRegen 0.20/turn

%: reflection
@: studying Staves
A: hooves 3, powered by death 1, sturdy frame 2
a: no special abilities


You were on level 9 of the Dungeon.
You visited 2 branches of the dungeon, and saw 10 of its levels.
You also visited: Sewer.

You collected 429 gold pieces.
You spent 79 gold pieces at shops.

Inventory:

Hand Weapons
 a - a +3 heavy short sword
 d - a +0 whip of freezing
 n - a +1 short sword of venom (weapon)
 o - a +1 dagger of freezing
 r - a +2 hand axe of freezing
 y - a +0 shortbow
 E - a +4 great sword
 F - a +3 dagger
 L - a +1 flail
 M - a +2 morningstar
Missiles
 b - 3 javelins
 v - 15 poisoned darts (quivered)
Armour
 i - a +0 hat (worn)
 j - a +0 pair of gloves (worn)
 w - a +3 ring mail of cold resistance (worn)
 N - +0 steam dragon scales
Magical Staves
 x - a staff of conjuration
Jewellery
 c - a +6 ring of intelligence (left hand)
 m - a +5 ring of evasion
 z - a ring of see invisible
 B - an amulet of reflection (around neck)
 G - a ring of magical power (right hand)
Wands
 f - a wand of flame (10)
 C - a wand of charming (14)
 D - a wand of polymorph (5)
Scrolls
 k - a scroll of fear
 p - a scroll of vulnerability
 q - a scroll of blinking
 s - 2 scrolls of teleportation
 A - a scroll of poison
 H - a scroll of fog
 K - 2 scrolls of identify
Potions
 e - a potion of ambrosia
 h - a potion of magic
 l - 6 potions of curing
 t - 3 potions of heal wounds
 I - a potion of flight
 J - a potion of lignification {unknown}


   Skills:
 + Level 9.8 Fighting
 + Level 3.8 Staves
 - Level 1.2 Armour
 + Level 4.5 Dodging
 + Level 5.0 Stealth
 * Level 5.5 Spellcasting
 * Level 5.6 Conjurations
 * Level 4.4 Hexes
 + Level 5.1 Fire Magic


You had 10 spell levels left.
You knew the following spells:

 Your Spells              Type           Power      Damage    Failure   Level
a - Foxfire               Conj/Fire      100%       2x1d9     1%          1
b - Scorch                Fire           66%        2d7       1%          2
c - Inner Flame           Hex/Fire       32%        N/A       3%          3
d - Flame Wave            Conj/Fire      35%        2d10      10%         4

Your spell library contained the following spells:

 Spells                   Type           Power      Damage    Failure   Level
 Sandblast                Erth           14%        2d6       9%          1
 Stone Arrow              Conj/Erth      42%        3d9       9%          3
 Volatile Blastmotes      Fire/Tloc      40%        2d13      9%          3
 Passwall                 Tmut/Erth      5%         N/A       13%         2
 Cause Fear               Hex            15%        N/A       14%         4
 Dragon Form              Tmut           3%         N/A       100%        7
 Dragon's Call            Summ           3%         N/A       100%        9


Dungeon Overview and Level Annotations

Branches:
Dungeon (9/15)             Temple (1/1) D:5           Sewer (visited)
   Lair: D:8-11         Orc: D:9-12

Altars:
Dithmenos
Fedhas
Gozag
Hepliaklqana
Makhleb
Nemelex Xobeh
Okawaru
Qazlal
Ru
Sif Muna
Uskayaw
Wu Jian
Xom
Yredelemnul

Shops:
D:1 ?   D:2 =!=*

Annotations:
D:4 2 runed translucent doors, hamfred's ghost, amateur DrTm
D:6 1 runed translucent door, Crazy Yiuf


Innate Abilities, Weirdness & Mutations

You have hooves in place of feet.
You regenerate a little health from kills.
Your movements are less encumbered by armour. (ER -4)


Message History

Confirm with . or Enter, or press ? or * to list all spells.
Casting: Flame Wave (dangerous; 10% risk of failure)
Press: ? - help, Dir - look around, f - activate A wave of flame ripples out!
The flame wave engulfs the orc warrior.
The orc warrior is almost dead.
The flame wave engulfs the komodo dragon.
The komodo dragon is heavily wounded. (Press . to intensify the flame waves.)
You block the komodo dragon's attack.
The orc warrior hits you but does no damage.
You writhe in agony.
A wave of flame ripples out!
The flame wave engulfs the orc warrior.
You kill the orc warrior!
The flame wave engulfs the komodo dragon.
The komodo dragon is severely wounded.
The komodo dragon bites you but does no damage.
A wave of flame ripples out!
The flame wave engulfs the komodo dragon.
The komodo dragon is severely wounded.
You finish channelling waves of flame.
You hear a shout! x2; You hear a bellow!
The komodo dragon bites you!!
Casting: Flame Wave (dangerous; 10% risk of failure)
Confirm with . or Enter, or press ? or * to list all spells.
Flames lash the komodo dragon.
The komodo dragon is severely wounded.
The komodo dragon's fire resistance burns away.
The komodo dragon barely misses you.
Casting: Scorch (safe; 1% risk of failure)
Confirm with . or Enter, or press ? or * to list all spells.
Flames lash the komodo dragon.
The komodo dragon is burned terribly!
The komodo dragon is almost dead.
The komodo dragon bites you!!
* * * LOW HITPOINT WARNING * * *
Casting: Scorch (safe; 1% risk of failure)
Confirm with . or Enter, or press ? or * to list all spells.
Flames lash the komodo dragon.
The komodo dragon is burned terribly!
The komodo dragon is almost dead.
The komodo dragon bites you!
You die...

.....####...............#
#.).?.......#+##.......#
#.....#.#....##.......#
###.....#........##.....#
........#......#.##.....#
...............#.#......#
...###..)......#.#......#
. ##)#.l...............
#..)@.####.###.#....#
#.##).# #.# ....# #.
#.... ..# .. . ..
#....(... . # .##
#........ #. # .
........# ..### #........
..... #.......( ##..
#.#...


You could see a komodo dragon (combustible).

Vanquished Creatures
  A two-headed ogre (D:8)
  A wyvern (D:6)
  A steam dragon (D:8)
  Menkaure (D:6)
  2 water moccasins
  An orc warrior (D:9)
  2 sky beasts
  4 ice beasts
  An ogre (D:6)
  6 centaurs
  2 phantoms
  2 kobold brigands (D:7)
  5 scorpions
  4 bullfrogs
  5 wights
  13 killer bees
  A howler monkey (D:5)
  6 orc priests
  3 hounds
  A jelly (D:5)
  2 sleepcaps
  3 iguanas
  5 orc wizards
  14 adders
  2 shadow imps
  An ufetubus (D:6)
  A worm (D:2)
  3 dart slugs
  29 orcs
  15 ball pythons
  11 endoplasms
  5 giant cockroaches
  13 hobgoblins
  8 jackals
  23 kobolds
  18 quokkas
  10 bats
  14 frilled lizards
  4 goblins
  8 rats
251 creatures vanquished.

Vanquished Creatures (collateral kills)
  Gastronok (D:8)
  3 wights (D:6)
  A killer bee (D:8)
  A sleepcap (D:6)
  An orc (D:6)
7 creatures vanquished.

Vanquished Creatures (others)
  A wight (D:6)
  430 foxfires
431 creatures vanquished.

Grand Total: 689 creatures vanquished

Notes
Turn   | Place    | Note
-------+----------+-------------------------------------------
     0 | D:1      | croobank the Demonspawn Fire Elementalist began the quest
                  | for the Orb.
     0 | D:1      | Reached XP level 1. HP: 13/13 MP: 3/3
   204 | D:1      | Gained mutation: You regenerate a little health from kills.
                  | [demonic ancestry]
   204 | D:1      | Reached XP level 2. HP: 19/19 MP: 3/5
   207 | D:1      | Learned a level 2 spell: Scorch
   752 | D:1      | Gained mutation: You have large cloven feet. [demonic
                  | ancestry]
   752 | D:1      | Reached XP level 3. HP: 24/24 MP: 2/6
   871 | D:1      | Found Uvaot's Magic Scroll Emporium.
  1417 | D:2      | Found Tuthruath's Assorted Antiques.
  1427 | D:2      | Bought a scroll labelled MENUDA HOAH for 23 gold pieces
  1430 | D:2      | Found Panebbec's Jewellery Shop.
  1862 | D:2      | Found Ysyong's Distillery.
  1972 | D:2      | Found a faded altar of an unknown god.
  2060 | D:1      | Bought a scroll of identify for 28 gold pieces
  2063 | D:1      | Bought a scroll of identify for 28 gold pieces
  2190 | D:2      | Found Deqocw's Jewellery Shop.
  2402 | D:3      | Reached XP level 4. HP: 29/30 MP: 4/7
  2572 | D:3      | Found a glowing drain.
  2639 | Sewer    | Entered a sewer
  2797 | Sewer    | Gained mutation: You have hoof-like feet. [demonic
                  | ancestry]
  2797 | Sewer    | Reached XP level 5. HP: 35/35 MP: 6/9
  3188 | Sewer    | Learned a level 3 spell: Inner Flame
  3319 | Sewer    | Gained mutation: You have hooves in place of feet. [demonic
                  | ancestry]
  3319 | Sewer    | Reached XP level 6. HP: 41/41 MP: 4/10
  4050 | D:4      | Reached skill level 1 in Fighting
  4170 | D:4      | Found a sacrificial altar of Ru.
  4173 | D:4      | You fall into a shaft and drop 2 floors!
  4182 | D:6      | Reached skill level 2 in Fighting
  4182 | D:6      | Gained mutation: Your movements are slightly less
                  | encumbered by armour. (ER -2) [demonic ancestry]
  4182 | D:6      | Reached XP level 7. HP: 51/51 MP: 5/12
  4368 | D:6      | Noticed Menkaure
  4370 | D:6      | Killed Menkaure
  4371 | D:6      | Reached skill level 3 in Fighting
  4441 | D:6      | Reached skill level 4 in Fighting
  4492 | D:6      | Reached skill level 5 in Fighting
  4699 | D:5      | Entered Level 5 of the Dungeon
  4722 | D:5      | Gained mutation: Your movements are less encumbered by
                  | armour. (ER -4) [demonic ancestry]
  4722 | D:5      | Reached XP level 8. HP: 64/64 MP: 5/13
  4875 | D:4      | Reached skill level 6 in Fighting
  5169 | D:4      | Found a large runed translucent door.
  5169 | D:4      | Found a large runed translucent door.
  5170 | D:4      | Noticed hamfred's ghost (amateur DrTm)
  5475 | D:5      | Found a shadowy altar of Dithmenos.
  5572 | D:5      | Found a staircase to the Ecumenical Temple.
  5578 | Temple   | Entered the Ecumenical Temple
  6012 | D:5      | Reached skill level 7 in Fighting
  6549 | D:6      | Reached skill level 8 in Fighting
  6597 | D:6      | Reached skill level 9 in Fighting
  7013 | D:6      | Reached XP level 9. HP: 61/76 MP: 9/14
  7817 | D:6      | Reached skill level 1 in Armour
  7895 | D:6      | Reached skill level 1 in Hexes
  7948 | D:6      | Found a runed translucent door.
  7949 | D:6      | Noticed Crazy Yiuf
  8614 | D:7      | Learned a level 4 spell: Flame Wave
  9048 | D:7      | Reached skill level 1 in Staves
  9657 | D:8      | Noticed Gastronok
 10225 | D:8      | Reached XP level 10. HP: 67/83 MP: 1/17
 10679 | D:8      | Killed Gastronok
 10680 | D:8      | Reached skill level 5 in Spellcasting
 10680 | D:8      | Reached skill level 5 in Conjurations
 10986 | D:9      | Reached skill level 5 in Fire Magic
 11052 | D:9      | Noticed a two-headed ogre
 11063 | D:8      | Killed a two-headed ogre
 11064 | D:8      | Reached skill level 5 in Stealth
 11148 | D:9      | HP: 1/85 [komodo dragon (27)]
 11149 | D:9      | Demolished by a komodo dragon

Illustrated notes

Levels and vault maps discovered:
D:1:      kennysheep_arrival_forest, layout_basic, serial_shops,
          nicolae_shop_hallway_stairs
D:2:      layout_rooms, nicolae_ecumenical_pavilion, serial_shops,
          nicolae_shop_hallway_plus, nicolae_shop_just_a_little_nook, shop, shop
D:3:      layout_rooms, zin_academy, tso_oasis_becter, portal_sewer_entry_e,
          st_stairs_1
D:4:      layout_rooms, nicolae_overflow_crystal_walls,
          ebering_ghost_disaster_area, minmay_diced_spiral
D:5:      layout_basic, grunt_dithmenos_shadows,
          minmay_temple_entry_gardened_gates
D:6:      layout_basic, dk_noncrumbling_3, chequers_serial_rivers_room_a,
          corner_web_ring, minmay_manual_maat, uniq_crazy_yiuf_cottage,
          uniq_menkaure
D:7:      layout_gridville
D:8:      layout_loops_ring, serial_glass, glass_columns_b, glass_columns_a,
          glass_columns_b, glass_columns_c, item_on_display_a,
          minmay_strange_pillars, uniq_gastronok
D:9:      layout_basic, david_lair_shrubbed, orc_0_dummy, serial_shops,
          nicolae_square_shop
Temple:   nicolae_temple_bog_church

Skill      XL: |  1  2  3  4  5  6  7  8  9 10 |
---------------+-------------------------------+-----
Stealth        | 2 3 4 5 |  5.0
Dodging        | 2 3 4 |  4.5
Fire Magic     | 3 4 5 |  5.1
Conjurations   | 2 3 4 5 |  5.6
Spellcasting   | 3 4 5 |  5.5
Fighting       | 2 5 9 |  9.8
Armour         | 1 |  1.2
Hexes          | 3 4 |  4.4
Staves         | 2 3 |  3.8

Action                     |  1- 3 |  4- 6 |  7- 9 | 10-12 || total
---------------------------+-------+-------+-------+-------++-------
  Melee: Whip              |    10 |    29 |       |       ||    39
         Kick              |     2 |    12 |    19 |     2 ||    35
         Short sword       |       |    19 |    64 |     6 ||    89
  Throw: Dart              |       |       |       |     2 ||     2
   Cast: Foxfire           |    73 |    78 |    84 |    13 ||   248
         Scorch            |    10 |    19 |   110 |    26 ||   165
         Flame Wave        |       |       |     3 |     3 ||     6
  Evoke: Wand              |       |       |     6 |       ||     6
    Use: Scroll            |    12 |     2 |     7 |     1 ||    22
         Potion            |       |       |     1 |     2 ||     3
   Stab: Sleeping          |       |       |     4 |       ||     4
 Armour: Robe              |     3 |    16 |       |       ||    19
         Ring mail         |       |       |    22 |     9 ||    31
  Dodge: Dodged            |    15 |    56 |    88 |    32 ||   191
  Block: Other             |       |       |    26 |     8 ||    34
         Reflection        |       |       |     4 |     1 ||     5
